 Dungeon Crawl Stone Soup version 0.31-a0-1074-g0b22e4e0f1 (webtiles) character file.

Game seed: 5006458323820813670

61929 grandjackal the Bewitcher (level 14, -1/110 HPs)
             Began as a Vampire Enchanter on Dec 2, 2023.
             Was the Champion of Dithmenos.
             Slain by a death yak (14 damage)
             ... on level 5 of the Lair of Beasts.
             The game lasted 00:52:10 (18810 turns).

grandjackal the Bewitcher (Vampire Enchanter)      Turns: 18810, Time: 00:52:10

Health: -1/110     AC: 15    Str: 13    XL:     14   Next: 62%
Magic:  11/23      EV: 15    Int: 28    God:    Dithmenos [******]
Gold:   927        SH:  0    Dex: 15    Spells: 5/25 levels left

rFire   + . .        A - +3 dagger (venom)
rCold   . . .        (no shield)
rNeg    . . .        m - +2 leather armour {rPois}
rPois   +            r - +0 helmet
rElec   +            h - +1 cloak
rCorr   .            B - +1 pair of gloves "Eliymef" {rElec}
SInv    +            v - +0 pair of boots
Will    +....        i - amulet of regeneration
Stlth   ++++++++     d - +6 ring of intelligence
HPRegen 1.38/turn    Q - ring "Issoluut" {rF+ AC+4 Str+6}
MPRegen 0.18/turn

%: no passive effects
@: confusing by touch, healing quickly, wreathed by umbra, studying
Shapeshifting
A: alive, fangs 3, see invisible, vampiric 2
a: Exsanguinate, Renounce Religion, Shadow Step, Shadow Form


You were on level 5 of the Lair of Beasts.
You worshipped Dithmenos.
Dithmenos was exalted by your worship.
You visited 3 branches of the dungeon, and saw 18 of its levels.
You also visited: Bailey and Ice Cave.

You collected 927 gold pieces.

Inventory:

Hand Weapons
 a - a +1 dagger of protection
 A - a +3 dagger of venom (weapon)
Missiles
 S - a throwing net
Armour
 h - a +1 cloak (worn)
 m - a +2 leather armour of poison resistance (worn)
 r - a +0 helmet (worn)
 v - a +0 pair of boots (worn)
 B - the +1 pair of gloves "Eliymef" (worn) {rElec}
   (You acquired it on level 10 of the Dungeon)

   rElec:     It insulates you from electricity.
Jewellery
 d - a +6 ring of intelligence (left hand)
 i - an amulet of regeneration (around neck)
 w - a ring of flight
 D - an amulet of the acrobat
 Q - the ring "Issoluut" (right hand) {rF+ AC+4 Str+6}
   (You acquired it on level 10 of the Dungeon)

   [ring of protection]

   AC+4:      It affects your AC (+4).
   Str+6:     It affects your strength (+6).
   rF+:       It protects you from fire.
 R - an amulet of magic regeneration
 T - a ring of ice
 Z - a ring of ice
Wands
 y - a wand of charming (22)
 J - a wand of digging (11)
 M - a wand of iceblast (9)
 N - a wand of flame (14)
 V - a wand of mindburst (12)
 Y - a wand of polymorph (12)
Scrolls
 b - 2 scrolls of fog
 e - 4 scrolls of blinking
 g - 3 scrolls of immolation
 k - a scroll of brand weapon
 o - a scroll of identify
 p - 4 scrolls of enchant weapon
 s - 4 scrolls of vulnerability
 x - a scroll of torment
 C - 2 scrolls of poison
 E - 6 scrolls of teleportation
 F - a scroll of amnesia
 L - 2 scrolls of fear
 X - a scroll of enchant armour
Potions
 c - 3 potions of invisibility
 f - 2 potions of heal wounds
 j - 9 potions of curing
 l - a potion of cancellation
 q - 7 potions of attraction
 t - a potion of lignification
 u - 2 potions of enlightenment
 z - 4 potions of might
 G - 5 potions of brilliance
 P - a potion of berserk rage
 U - a potion of mutation
Miscellaneous
 n - a phantom mirror
 I - a lightning rod (4/4)
 O - a phial of floods


   Skills:
 - Level 10.0 Fighting
 - Level 10.4 Short Blades
 - Level 8.0 Dodging
 - Level 10.4 Stealth
 - Level 6.0 Spellcasting
 - Level 15.0 Hexes
 + Level 7.9 Transmutations
 - Level 5.0 Ice Magic
 + Level 12.6 Invocations


You had 5 spell levels left.
You knew the following spells:

 Your Spells              Type           Power      Damage    Failure   Level
a - Ensorcelled Hibernat  Hex/Ice        100%       N/A       1%          2
b - Confusing Touch       Hex            75%        N/A       1%          3
c - Tukima's Dance        Hex            75%        N/A       1%          3
d - Yara's Violent Unrav  Hex/Tmut       32%        3d13      1%          5
e - Enfeeble              Hex            37%        N/A       14%         7

Your spell library contained the following spells:

 Spells                   Type           Power      Damage    Failure   Level
 Dazzling Flash           Conj/Hex       100%       N/A       1%          3
 Inner Flame              Hex/Fire       50%        N/A       1%          3
 Silence                  Hex/Air        25%        N/A       10%         5
 Gell's Gravitas          Tloc           8%         N/A       22%         3
 Teleport Other           Tloc           8%         N/A       22%         3
 Animate Dead             Necr           8%         N/A       58%         4
 Vhi's Electric Charge    Tloc/Air       16%        N/A       58%         4
 Agony                    Necr           8%         N/A       91%         5
 Arcjolt                  Conj/Air       4%         1d14      91%         5
 Dispersal                Tloc           4%         N/A       100%        6
 Plasma Beam              Fire/Air       4%         2x1d14    100%        6
 Haunt                    Necr/Summ      4%         N/A       100%        7
 Infestation              Necr           4%         N/A       100%        8


Dungeon Overview and Level Annotations

Branches:
Dungeon (12/15)            Temple (1/1) D:7            Lair (5/5) D:9
 Shoals (0/4) Lair:2        Snake (0/4) Lair:2        Slime (0/5) Lair:5
    Orc (0/2) D:12         Bailey (visited)           IceCv (visited)

Altars:
Ashenzari
Cheibriados
Dithmenos
Fedhas
Gozag
Hepliaklqana
Kikubaaqudgha
Makhleb
Nemelex Xobeh
Okawaru
Qazlal
Ru
Sif Muna
Trog
Uskayaw
Vehumet
Wu Jian
Xom
Yredelemnul
Jiyva

Portals:
Trove: D:12 (give +7 demon blade)

Annotations:
D:6 1 runed translucent door, Tollund's ghost, novice OpCj
D:8 1 runed translucent door, THTSBRD's ghost, novice FoHu


Innate Abilities, Weirdness & Mutations

Your natural rate of healing is accelerated.
You have razor-sharp teeth.
You have supernaturally acute eyesight. (SInv)
You are afflicted with vampirism and can become a bat while bloodless.


Message History

Casting: Ensorcelled Hibernation (safe; 1% risk of failure)
Confirm with . or Enter, or press ? or * to list all spells.
Your hands begin to glow red.
The death yak gores the plant!!
The plant begins to die.
The death yak gores you.
You hit the death yak but do no damage.
The death yak is lightly wounded.
Your shadow hits the death yak with a dagger.
You hit the death yak but do no damage.
The death yak is lightly wounded.
Your shadow hits the death yak but does no damage.
The death yak gores the plant!
The death yak gores you!
* * * LOW HITPOINT WARNING * * *
You hit the death yak but do no damage. You bite the death yak.
The death yak is lightly wounded.
You barely miss the death yak.
The death yak is lightly wounded.
The death yak gores the plant.
The death yak gores you!
* * * LOW HITPOINT WARNING * * *
You hit the death yak but do no damage.
The death yak is lightly wounded.
You hit the death yak but do no damage.
The death yak is lightly wounded.
A nearby plant withers and dies.
The death yak attacks as it pursues you!
The death yak barely misses you.
The death yak attacks as it pursues you!
The death yak misses you.
The death yak attacks as it pursues you!
The death yak closely misses you.
You hit the death yak but do no damage. The death yak barely misses you.
The death yak attacks as it pursues you!
The death yak gores you.
* * * LOW HITPOINT WARNING * * *
The death yak gores you!
* * * LOW HITPOINT WARNING * * *
The death yak attacks as it pursues you!
The death yak barely misses you.
The death yak attacks as it pursues you!
The death yak gores you!
You die...

#..### ..##....# ##......##.
#...## #...... #P.........
#.†## ##...# #.......... ##...#
##..# ##......... #...## #..##
### #....#.)#. ##...###.##
###.## #...######
#........####....## #P...##..#
#..###.....##......###.........
#..# ###...#.Y@...###....?.....
.... ##..Y.Y##..# #..........
8.## ###.###...# #.......... ..
#######...## #.##P.##### .
#..###...## #..#P...##.#
##......## #...........
###......###............
###......8................ ###
##....8...........P##.##...


You could see 2 death yaks and a yak.

Vanquished Creatures
  4 hydras
  4 boulder beetles
  A catoblepas (Lair:5)
  8 two-headed ogres
  4 death yaks
  Nergalle (Lair:1)
  Amaemon (D:8)
  2 skysharks
  A flayed ghost (D:9)
  Pikel (D:8)
  3 ugly things
  A salamander (Lair:2)
  2 cyclopes
  3 manticores
  4 elephants
  4 black mambas
  A merfolk siren (Lair:2)
  A gargoyle (D:12)
  An orange demon (D:8)
  A rime drake (Lair:2)
  8 cane toads
  An unseen horror (D:11)
  Psyche (D:8)
  11 komodo dragons
  8 trolls
  2 hornets
  3 polar bears
  15 blink frogs
  Prince Ribbit (D:8)
  6 dream sheep (Lair:3)
  20 slime creatures (D:12)
  2 shadows
  4 spriggans (Bailey)
  5 basilisks
  13 fire bats (D:9)
  6 wyverns
  43 yaks
  8 wraiths
  2 steam dragons
  5 vampire mosquitoes (D:11)
  3 nagas (Lair:2)
  10 water moccasins
  An acid dragon (D:10)
  7 black bears
  An ice beast (D:7)
  7 orc warriors
  2 boggarts (D:8)
  3 sky beasts
  19 wolves
  5 ogres
  7 centaurs
  3 phantoms
  2 kobold brigands
  9 bullfrogs
  3 gnoll sergeants
  2 scorpions
  3 wights (D:8)
  15 killer bees
  3 howler monkeys
  3 hounds
  5 orc priests
  5 jellies
  2 iguanas
  Jessica (D:3)
  Terence (D:2)
  Natasha (thrice) (D:4)
  9 orc wizards
  2 sleepcaps
  Robin (D:4)
  7 adders
  11 gnolls
  A shadow imp (D:8)
  14 white imps
  2 ufetubi (D:6)
  3 dart slugs (D:3)
  51 orcs
  5 ball pythons
  3 endoplasms
  3 giant cockroaches
  12 goblins
  7 hobgoblins
  5 jackals
  13 kobolds
  2 quokkas
  82 bats
  3 frilled lizards
  A goblin zombie (D:3)
  4 hobgoblin zombies (D:3)
  2 kobold skeletons (D:3)
  A kobold zombie (D:3)
  2 orc skeletons (D:3)
  2 orc zombies (D:3)
  7 rats
  A butterfly (Lair:5)
593 creatures vanquished.

Vanquished Creatures (collateral kills)
  A two-headed ogre (D:8)
  A spriggan (Bailey)
  6 centaurs (D:6)
  An ogre (Bailey)
  2 wights (D:8)
11 creatures vanquished.

Vanquished Creatures (others)
  4 dancing weapons
  An orc wizard (D:9)
  A quokka (D:9)
6 creatures vanquished.

Grand Total: 610 creatures vanquished

Notes
Turn   | Place    | Note
-------+----------+-------------------------------------------
     0 | D:1      | grandjackal the Vampire Enchanter began the quest for the
                  | Orb.
     0 | D:1      | Reached XP level 1. HP: 13/13 MP: 3/3
   306 | D:1      | Reached XP level 2. HP: 19/19 MP: 5/5
   309 | D:1      | Learned a level 2 spell: Ensorcelled Hibernation
   901 | D:1      | Reached skill level 5 in Stealth
  1064 | D:2      | Reached skill level 5 in Hexes
  1064 | D:2      | Gained mutation: You are afflicted with vampirism and can
                  | become a bat while bloodless. [Vampire growth]
  1064 | D:2      | Reached XP level 3. HP: 24/24 MP: 3/6
  1115 | D:2      | Reached skill level 1 in Ice Magic
  1147 | D:2      | You fall into a shaft and drop 1 floor!
  1210 | D:3      | Learned a level 3 spell: Confusing Touch
  1216 | D:3      | Found a snail-covered altar of Cheibriados.
  1268 | D:3      | Reached XP level 4. HP: 28/30 MP: 4/7
  1290 | D:2      | Found a blossoming altar of Fedhas.
  1393 | D:2      | Noticed Terence
  1405 | D:2      | Killed Terence
  1406 | D:2      | Reached XP level 5. HP: 35/35 MP: 8/8
  1470 | D:2      | Learned a level 3 spell: Tukima's Dance
  2134 | D:3      | Reached skill level 6 in Hexes
  2188 | D:3      | Noticed Jessica
  2195 | D:3      | Killed Jessica
  2758 | D:3      | Reached XP level 6. HP: 39/41 MP: 9/9
  2979 | D:4      | Noticed Robin
  2985 | D:4      | Killed Robin
  3257 | D:4      | Noticed Natasha
  3269 | D:4      | Killed Natasha
  3270 | D:4      | Reached skill level 7 in Hexes
  3519 | D:4      | Noticed Natasha
  3542 | D:4      | Killed Natasha
  3724 | D:4      | Noticed Natasha
  3730 | D:4      | Killed Natasha
  3731 | D:4      | Reached XP level 7. HP: 46/46 MP: 7/10
  3995 | D:5      | Entered Level 5 of the Dungeon
  4083 | D:5      | Reached skill level 5 in Short Blades
  4131 | D:5      | Reached skill level 8 in Hexes
  4317 | D:5      | Reached XP level 8. HP: 52/52 MP: 3/11
  4482 | D:5      | Reached skill level 5 in Ice Magic
  4541 | D:5      | Reached skill level 9 in Hexes
  4720 | D:5      | Found a broken altar of Ashenzari.
  5077 | D:6      | Reached skill level 10 in Hexes
  5195 | D:6      | Found a runed translucent door.
  5197 | D:6      | Noticed Tollund's ghost (novice OpCj)
  5271 | D:6      | Reached XP level 9. HP: 57/57 MP: 12/12
  5951 | D:7      | Reached skill level 11 in Hexes
  6094 | D:7      | Found a staircase to the Ecumenical Temple.
  6120 | Temple   | Entered the Ecumenical Temple
  6142 | Temple   | Became a worshipper of Dithmenos the Shadowed
  6502 | D:7      | Found a burning altar of Makhleb.
  6502 | D:7      | Noticed a cacodemon
  6715 | D:8      | Reached skill level 10 in Stealth
  6718 | D:8      | Reached skill level 1 in Invocations
  6812 | D:8      | Found a runed translucent door.
  6812 | D:8      | Noticed THTSBRD's ghost (novice FoHu)
  6813 | D:8      | Noticed Psyche
  6820 | D:8      | Killed Psyche
  6870 | D:8      | Noticed Amaemon
  6871 | D:8      | Noticed an orange demon
  6909 | D:8      | Killed Amaemon
  6923 | D:8      | Killed an orange demon
  6924 | D:8      | Reached XP level 10. HP: 37/63 MP: 2/16
  7017 | D:8      | Learned a level 5 spell: Yara's Violent Unravelling
  7106 | D:8      | Noticed a two-headed ogre
  7106 | D:8      | Noticed a two-headed ogre
  7112 | D:8      | Noticed a two-headed ogre
  7218 | D:8      | Killed a two-headed ogre
  7219 | D:8      | Reached skill level 1 in Fighting
  7324 | D:8      | Killed a two-headed ogre
  7412 | D:8      | Noticed a two-headed ogre
  7414 | D:8      | Killed a two-headed ogre
  7415 | D:8      | Reached skill level 10 in Short Blades
  7428 | D:8      | Noticed Pikel
  7454 | D:8      | Killed Pikel
  7455 | D:8      | Reached skill level 5 in Invocations
  7664 | D:8      | Noticed Prince Ribbit
  7667 | D:8      | Killed Prince Ribbit
  7733 | D:9      | Found a bloodstained altar of Trog.
  7750 | D:9      | Reached * piety under Dithmenos
  7768 | D:9      | Reached skill level 1 in Transmutations
  7782 | D:9      | Found a staircase to the Lair.
  7782 | D:9      | Noticed an elephant
  7806 | D:9      | Killed an elephant
  7807 | D:9      | Reached XP level 11. HP: 15/78 MP: 1/17
  8035 | D:9      | Found a flagged portal.
  8085 | Bailey   | Entered a bailey
  8216 | Bailey   | Reached skill level 5 in Fighting
  8303 | Bailey   | Noticed a two-headed ogre
  8480 | Bailey   | Killed a two-headed ogre
  8576 | D:9      | Reached ** piety under Dithmenos
  8768 | D:9      | Found a sparkling altar of Nemelex Xobeh.
  8800 | D:9      | Reached *** piety under Dithmenos
  8851 | D:9      | Found a burning altar of Makhleb.
  8869 | D:9      | Found a runed translucent door.
  8894 | D:9      | Reached skill level 5 in Transmutations
  9057 | D:9      | Found a shimmering altar of Xom.
  9067 | D:9      | Found a blossoming altar of Fedhas.
  9067 | D:9      | Found an ornate altar of the Wu Jian Council.
  9082 | D:9      | Reached **** piety under Dithmenos
  9101 | D:9      | Noticed a flayed ghost
  9210 | D:9      | Found a sacrificial altar of Ru.
  9584 | D:9      | Found an ornate altar of the Wu Jian Council.
  9584 | D:9      | Found a hazy altar of Hepliaklqana.
  9643 | D:9      | Killed a flayed ghost
  9689 | D:10     | Entered Level 10 of the Dungeon
  9692 | D:10     | Noticed a two-headed ogre
  9695 | D:10     | Killed a two-headed ogre
  9696 | D:10     | Reached XP level 12. HP: 91/91 MP: 18/18
 10003 | D:10     | Reached ***** piety under Dithmenos
 10334 | D:10     | Identified 2 scrolls of acquirement
 10334 | D:10     | Acquired the ring "Issoluut" {rF+ AC+4 Str+6}
 10339 | D:10     | Acquired the +1 pair of gloves "Eliymef" {rElec}
 10700 | D:11     | Noticed a two-headed ogre
 10700 | D:11     | Noticed a two-headed ogre
 10700 | D:11     | Noticed a boulder beetle
 10890 | D:11     | Noticed a two-headed ogre
 10899 | D:11     | Killed a two-headed ogre
 10967 | D:11     | Found a frozen archway.
 11035 | IceCv    | Entered an ice cave
 11117 | IceCv    | Noticed a death yak
 11117 | IceCv    | Noticed a death yak
 11119 | IceCv    | Noticed a death yak
 11147 | IceCv    | Killed a death yak
 11148 | IceCv    | Reached skill level 5 in Dodging
 11177 | D:11     | Killed a death yak
 11382 | D:11     | Killed a boulder beetle
 11424 | D:11     | Killed a two-headed ogre
 11437 | D:11     | Killed a two-headed ogre
 11652 | D:12     | Noticed a boulder beetle
 11655 | D:12     | Killed a boulder beetle
 11781 | D:12     | Reached XP level 13. HP: 101/101 MP: 20/20
 11796 | D:12     | Found a staircase to the Orcish Mines.
 12108 | D:12     | Found a portal to a secret trove of treasure.
 12258 | D:12     | Reached skill level 10 in Invocations
 13010 | Lair:1   | Entered Level 1 of the Lair of Beasts
 13022 | Lair:1   | Reached skill level 10 in Fighting
 13032 | Lair:1   | Learned a level 7 spell: Enfeeble
 13215 | Lair:1   | Reached ****** piety under Dithmenos
 13747 | Lair:1   | Noticed Nergalle
 13752 | Lair:1   | Killed Nergalle
 14400 | Lair:2   | Reached skill level 5 in Spellcasting
 14516 | Lair:2   | Reached skill level 12 in Hexes
 15187 | Lair:2   | Found a staircase to the Shoals.
 15462 | Lair:2   | Found a staircase to the Snake Pit.
 15707 | Lair:3   | Reached XP level 14. HP: 110/110 MP: 23/23
 15745 | Lair:3   | Reached skill level 13 in Hexes
 16814 | Lair:4   | Reached skill level 14 in Hexes
 17131 | Lair:4   | You fall into a shaft and drop 1 floor!
 17131 | Lair:5   | Entered Level 5 of the Lair of Beasts
 17143 | Lair:5   | Found an iron altar of Okawaru.
 18039 | Lair:5   | Found a viscous altar of Jiyva.
 18041 | Lair:5   | Found a staircase to the Slime Pits.
 18265 | Lair:5   | Reached skill level 15 in Hexes
 18810 | Lair:5   | Slain by a death yak

Illustrated notes

Levels and vault maps discovered:
D:1:      roderic_octagonal_star, layout_loops_corners
D:2:      layout_loops_ring, basic_altar, serial_forest,
          infiniplex_forest_clump_C, infiniplex_forest_straight_3,
          infiniplex_forest_straight_3, infiniplex_forest_lined_3,
          infiniplex_forest_corner_1, infiniplex_forest_end_2,
          infiniplex_forest_lined_3, infiniplex_forest_diagonal,
          nrook_mini_backslash, uniq_terence
D:3:      minmay_diamond_boxcup, layout_basic, nicolae_tso_besieged_by_evil,
          nicolae_overflow_crystal_walls, uniq_jessica
D:4:      layout_rooms, serial_co_window_serial, co_window_corner_a,
          co_window_corner_a, co_window_paths_b, co_window_of_opportunity_a,
          co_window_of_opportunity_a, co_window_2corner,
          co_window_unsneaky_path_a, co_window_corner_ca, co_window_broadway_a,
          co_window_paths_c, glass_columns_b, glass_columns_a, glass_columns_a,
          glass_columns_a, glass_columns_c,
          nicolae_concentric_dashed_squares_mild, uniq_robin, uniq_natasha
D:5:      layout_cave_pools, cheibrodos_ashenzari_chains
D:6:      layout_basic, ebering_ghost_sewer_d, centaur_isle
D:7:      layout_loops_ring, kennysheep_little_box, makhleb_altar_promises_db,
          minmay_temple_entry_butterflies
D:8:      layout_basic, hellmonk_ghost_big_iron, dk_noncrumbling_4,
          nicolae_phantomly_mirrored, uniq_pikel, uniq_psyche,
          uniq_prince_ribbit1, uniq_amaemon
D:9:      due_megacathedral, layout_rooms, elyvilon_altar_4,
          trog_ov_bears_minmay, gammafunk_temple_overflow_wave,
          david_lair_generic, lightli_bailey_entry_fortress
D:10:     layout_loops_cross
D:11:     minmay_clustersquares, layout_basic, portal_ice_cave_entry_imps,
          kennysheep_generic_room_8
D:12:     layout_roguey, kennysheep_orc_monster_closet_entryway,
          nicolae_trove_entry_diagonal
Temple:   nicolae_temple_bog_church
Lair:1:   layout_layer_cave, uniq_nergalle
Lair:2:   layout_long_grid, minmay_shoals_entry_lonely_mermaid,
          alex1729_snake_entry_snake, serial_bayou_shore_a, lemuel_fruit_tree
Lair:3:   layout_cave_pods, st_stairs_13
Lair:4:   layout_layer_cave, beast_lair_carwin_2
Lair:5:   evilmike_catoblepas_cave, layout_concentric_octagons, slime_entry_1,
          basic_altar, lemuel_fruit_fields

Skill      XL: |  1  2  3  4  5  6  7  8  9 10 11 12 13 14 |
---------------+-------------------------------------------+-----
Stealth        | 5 6 8 10 | 10.4
Short Blades   | 2 3 4 5 7 9 10 | 10.4
Hexes          | 5 6 7 8 10 11 12 15 | 15.0
Ice Magic      | 1 2 3 4 5 |  5.0
Invocations    | 3 5 7 9 11 12 | 12.6
Spellcasting   | 4 6 |  6.0
Fighting       | 4 7 9 10 | 10.0
Transmutations | 2 6 7 |  7.9
Dodging        | 6 8 |  8.0

Action                     |  1- 3 |  4- 6 |  7- 9 | 10-12 | 13-15 || total
---------------------------+-------+-------+-------+-------+-------++-------
  Melee: Dagger            |    66 |   242 |   325 |   755 |   601 ||  1989
         Bite              |     5 |    23 |    43 |    94 |    78 ||   243
         Punch             |       |       |     4 |     8 |    14 ||    26
   Cast: Ensorcelled Hiber |     7 |    19 |    18 |    72 |   130 ||   246
         Confusing Touch   |       |     1 |     7 |    23 |    10 ||    41
         Tukima's Dance    |       |       |    11 |    15 |       ||    26
 Invoke: Shadow Step       |       |       |       |       |     2 ||     2
  Evoke: Lightning rod     |       |       |       |       |     1 ||     1
    Use: Scroll            |       |     2 |    10 |    10 |     6 ||    28
         Potion            |       |       |       |     1 |       ||     1
   Stab: Sleeping          |     8 |    24 |    25 |    76 |   120 ||   253
         Confused          |       |     1 |     4 |    29 |    16 ||    50
         Distracted        |       |       |     1 |     5 |     1 ||     7
 Armour: Robe              |    35 |       |       |       |       ||    35
         Leather armour    |     6 |   110 |   192 |   505 |   296 ||  1109
  Dodge: Dodged            |    48 |   119 |   138 |   538 |   317 ||  1160

Table legend: (Time is in decaauts)
 A = Elapsed time spent in this place.
 B = Non-inter-level travel time spent in this place.
 C = Inter-level travel time spent in this place.
 D = Time resting spent in this place.
 E = Time spent auto-exploring this place.
 F = Levels seen in this place.
 G = Mean time per level.
                   A        B        C        D        E       F      G
               +--------+--------+--------+--------+--------+-----+--------+
         Total |  18050 |  17440 |    610 |   2407 |   9490 |  20 |  902.5 |
       Dungeon |  11894 |  11443 |    451 |   1736 |   5805 |  12 |  991.2 |
        Temple |     41 |     22 |     19 |      0 |      0 |   1 |   41.0 |
          Lair |   5562 |   5423 |    139 |    458 |   3641 |   5 | 1112.4 |
        Bailey |    439 |    439 |      0 |    169 |     42 |   1 |  439.0 |
      Ice Cave |    112 |    112 |      0 |     44 |      0 |   1 |  112.0 |
               +--------+--------+--------+--------+--------+-----+--------+

Top non-repeatable levels by time:
     D:9: 1363 daAuts
  Lair:2: 1341 daAuts
    D:12: 1260 daAuts
  Lair:1: 1259 daAuts
  Lair:4: 1212 daAuts
     D:6: 1116 daAuts
     D:4: 1096 daAuts
    D:11: 1061 daAuts
  Lair:3: 1020 daAuts
     D:8: 1012 daAuts
     D:3: 990 daAuts
     D:2: 957 daAuts
     D:1: 935 daAuts
  Lair:5: 729 daAuts
     D:7: 715 daAuts
